 Dungeon Crawl Stone Soup version 0.18-a0-1702-gd20c6a5 (webtiles) character file.

5903 4thArraOfDagon the Cleaver (level 10, -10/139 HPs)
             Began as a Hill Orc Berserker on Apr 6, 2016.
             Was an Elder of Trog.
             Mangled by a hill giant
             ... wielding a +0 giant club
              (27 damage)
             ... on level 12 of the Dungeon.
             The game lasted 00:12:56 (2712 turns).

4thArraOfDagon the Cleaver (Hill Orc Berserker)     Turns: 2712, Time: 00:12:57

Health: -10/139    AC: 11    Str: 29    XL:     10   Next: 82%
Magic:  13/13      EV: 11    Int:  9    God:    Trog [****..]
Gold:   94         SH:  0    Dex: 12    Spells: 0 memorised, 9 levels left

rFire  . . .     SeeInvis .     B - +0 war axe
rCold  . . .     Gourm    .     o - +3 ring mail {rPois}
rNeg   . . .     Faith    .     (no shield)
rPois  +         Spirit   .     j - +0 helmet
rElec  .         Dismiss  .     (no cloak)
rCorr  .         Reflect  .     (no gloves)
SustAt .         Harm     .     (no boots)
MR     .....     Rnd*Rage +     (no amulet)
Stlth  ..........               (no ring)
                                A - +3 ring of protection

@: berserking, very quick, not resistant to hostile enchantments, extremely
unstealthy
A: agile 1, berserk 1, clever 1, deformed body, screaming 1, wild magic 1
a: Berserk, Trog's Hand, Brothers in Arms, Burn Spellbooks, Renounce Religion


You were on level 12 of the Dungeon.
You worshipped Trog.
Trog was greatly pleased with you.
You were hungry.

You visited 1 branch of the dungeon, and saw 12 of its levels.
You also visited: Sewer.

You collected 189 gold pieces.
You spent 95 gold pieces at shops.

Inventory:

Hand Weapons
 a - a +0 hand axe
 B - a +0 war axe (weapon)
Missiles
 e - 2 curare-tipped needles
Armour
 j - a +0 helmet (worn)
 o - a +3 ring mail of poison resistance (worn)
 t - a +0 robe
 u - a +0 plate armour
 C - the -4 pair of boots "Sepsabeing" {-Cast rC++ rN+++ Str-2}
   (You found it on level 8 of the Dungeon)

   It affects your strength (-2).
   It greatly protects you from cold.
   It renders you almost immune to negative energy.
   It prevents spellcasting.
Jewellery
 A - a +3 ring of protection (left hand)
 E - an uncursed ring of fire
Wands
 y - a wand of confusion (5/48)
 D - a wand of paralysis (17/24)
Scrolls
 f - 3 scrolls of noise {unknown}
 g - 4 scrolls of teleportation
 k - 2 scrolls of fear {unknown}
 m - 7 scrolls of remove curse
 n - 2 scrolls of magic mapping
 q - a scroll of enchant armour {unknown}
 v - a scroll of blinking {unknown}
 w - a scroll of amnesia {unknown}
 F - a scroll of recharging {unknown}
Potions
 d - a potion of might {unknown}
 h - 3 potions of flight {unknown}
 l - 4 potions of curing
 s - 2 potions of haste
 x - a potion of ambrosia {unknown}
 z - a potion of resistance {unknown}
Comestibles
 b - 9 chunks of flesh
 c - 4 bread rations
 i - 3 meat rations
 p - 2 royal jellies
 r - 2 beef jerkies


   Skills:
 + Level 9.9 Fighting
 * Level 14.0 Axes
 + Level 8.5 Armour
 - Level 1.5 Dodging
 + Level 4.3 Evocations


You had 9 spell levels left.
You didn't know any spells.

Dungeon Overview and Level Annotations

Branches:
Dungeon (12/15)              Lair (0/8) D:10
 Temple: D:4-7          Orc: D:9-12

Altars:
Fedhas
Gozag
Pakellas
Ru

Shops:
D:9 *

Annotations:
D:5 Menkaure
D:10 feelmyfire's ghost, novice MiFi
D:12 exclusion: upstairs


Innate Abilities, Weirdness & Mutations

You are agile. (Dex +2)
You tend to lose your temper in combat.
Your mind is acute. (Int +2)
Armour fits poorly on your strangely shaped body.
You occasionally shout uncontrollably at your foes.
Your spells are a little harder to cast, but a little more powerful.


Message History

The hill giant hits you with a giant club!!
A red film seems to cover your vision as you go berserk!
You feel yourself moving faster!
You feel mighty!
You are feeling hungry.
The hill giant hits you with a giant club!!
You completely miss the hill giant. You barely miss the hill giant.
The hill giant hits you with a giant club!!
* * * LOW HITPOINT WARNING * * *
You are too injured to fight recklessly!
You are too injured to fight recklessly!
You slice the hill giant!!
The hill giant is heavily wounded.
You hear a shout!
You slice the hill giant!!
The hill giant is severely wounded.
You slash the hill giant!
The hill giant is almost dead.
The hill giant hits you with a giant club!!
You die...

.#.#.#.#≈≈≈## #.# ...
.#.#.#≈≈≈≈≈## #.# ....
#.#≈≈≈≈>≈≈# ####.#.....
#.≈≈≈≈≈≈≈# #.....#
#.#.≈)))≈## #.....##.
#.#.##≈≈)######.......)#
.#.#...≈.................
.#.###.)........########
#. .'.....@....+ #.
##....C.....# .
#..........#
#............+
.#...........#
................
................
...P............
.............!.


You could see a hill giant.

Vanquished Creatures
  An unseen horror (D:10)
  A hill giant (D:12)
  4 yaks (D:12)
  A water elemental (D:12)
  2 basilisks (D:10)
  2 hungry ghosts
  A water moccasin (D:10)
  Duvessa (D:4)
  2 porcupines (D:10)
  3 orc warriors
  4 ice beasts
  3 sky beasts
  2 ogres
  A crocodile (D:10)
  A big kobold (D:7)
  3 giant frogs
  Dowan (D:4)
  6 killer bees (D:7)
  2 howler monkeys (D:10)
  An electric eel (D:12)
  4 crimson imps
  4 hounds
  A giant frog zombie (D:9)
  A gnoll shaman (D:7)
  A quasit (D:6)
  8 orc priests
  A giant frog skeleton (D:9)
  A jelly (D:9)
  2 iguanas
  7 orc wizards
  7 worker ants
  7 sheep (D:10)
  A hound zombie (D:6)
  3 hound skeletons
  4 gnolls (D:7)
  4 adders
  6 river rats (D:10)
  A worm (D:3)
  8 giant geckos
  32 orcs
  3 bats
  3 giant cockroaches (D:3)
  A goblin (D:3)
  3 hobgoblins
  6 jackals
  4 kobolds
  4 quokkas
  4 giant newts
  3 rats
176 creatures vanquished.

Vanquished Creatures (others)
  An orc (D:9)
1 creature vanquished.

Grand Total: 177 creatures vanquished

Notes
Turn   | Place    | Note
--------------------------------------------------------------
     0 | D:1      | 4thArraOfDagon the Hill Orc Berserker began the quest for the Orb.
     0 | D:1      | Reached XP level 1. HP: 19/19 MP: 1/1
   219 | D:3      | Reached XP level 2. HP: 16/27 MP: 2/2
   264 | D:3      | Reached skill level 5 in Axes
   264 | D:3      | Reached XP level 3. HP: 8/33 MP: 3/3
   301 | D:3      | Found a sacrificial altar of Ru.
   316 | D:3      | Reached XP level 4. HP: 19/40 MP: 4/4
   320 | D:3      | Reached ** piety under Trog
   444 | D:3      | Reached XP level 5. HP: 38/47 MP: 5/5
   480 | D:3      | Reached skill level 6 in Axes
   507 | D:3      | Found a glowing drain.
   524 | Sewer    | Entered a sewer
   613 | D:4      | Noticed Dowan
   614 | D:4      | Noticed Duvessa
   626 | D:4      | Killed Duvessa
   626 | D:4      | Reached skill level 5 in Fighting
   626 | D:4      | Reached XP level 6. HP: 56/56 MP: 6/6
   637 | D:4      | Killed Dowan
   637 | D:4      | Reached skill level 7 in Axes
   763 | D:5      | Entered Level 5 of the Dungeon
   831 | D:5      | Found an oddly glowing altar of Pakellas.
   834 | D:5      | Noticed Menkaure
   915 | D:6      | Noticed a sky beast
   940 | D:6      | Reached XP level 7. HP: 61/61 MP: 7/7
   945 | D:6      | Reached skill level 8 in Axes
  1044 | D:7      | Reached *** piety under Trog
  1051 | D:7      | Reached skill level 5 in Armour
  1145 | D:7      | Reached skill level 9 in Axes
  1145 | D:7      | Reached XP level 8. HP: 37/71 MP: 8/8
  1409 | D:7      | Reached skill level 10 in Axes
  1554 | D:8      | Reached XP level 9. HP: 79/80 MP: 9/9
  1591 | D:8      | Reached skill level 11 in Axes
  1637 | D:8      | Reached **** piety under Trog
  1656 | D:8      | Got a pair of jewelled boots
  1662 | D:8      | Identified the -4 pair of boots "Sepsabeing" {-Cast rC++ rN+++ Str-2} (You found it on level 8 of the Dungeon)
  1663 | D:8      | :(
  1698 | D:9      | Found an opulent altar of Gozag.
  1830 | D:9      | Found Bumos's General Store.
  1836 | D:9      | Bought 2 scrolls of remove curse for 60 gold pieces
  1836 | D:9      | Bought a scroll of magic mapping for 35 gold pieces
  1895 | D:9      | Reached skill level 12 in Axes
  1911 | D:9      | Reached skill level 1 in Evocations
  1986 | D:9      | Found a blossoming altar of Fedhas.
  2004 | D:10     | Entered Level 10 of the Dungeon
  2004 | D:10     | Found a staircase to the Lair.
  2018 | D:10     | Reached XP level 10. HP: 91/91 MP: 9/11
  2045 | D:10     | Gained mutation: Armour fits poorly on your strangely shaped body. [mutagenic meat]
  2046 | D:10     | Gained mutation: You tend to lose your temper in combat. [mutagenic meat]
  2047 | D:10     | Gained mutation: You are agile. (Dex +2) [mutagenic meat]
  2048 | D:10     | Gained mutation: You occasionally shout uncontrollably at your foes. [mutagenic meat]
  2049 | D:10     | Gained mutation: Your mind is acute. (Int +2) [mutagenic meat]
  2050 | D:10     | Gained mutation: Your spells are a little harder to cast, but a little more powerful. [mutagenic meat]
  2051 | D:10     | :(
  2094 | D:10     | Noticed feelmyfire's ghost (novice MiFi)
  2106 | D:11     | Noticed a four-headed hydra
  2191 | D:10     | Reached skill level 13 in Axes
  2288 | D:10     | Killed an unseen horror
  2404 | D:11     | Noticed a six-headed hydra
  2446 | D:12     | Noticed a hill giant
  2468 | D:12     | Killed a hill giant
  2595 | D:12     | Reached skill level 14 in Axes
  2666 | D:12     | Noticed a hill giant
  2712 | D:12     | Mangled by a hill giant

Vault maps used:
D:1:      mrwooster_arrival_statue_2, minmay_statues_item,
          grunt_decor_mini_mirrors
D:2:      marbit_many_paths, minmay_item_behind_shaft
D:3:      nicolae_ru_great_annihilating_truth, lemuel_coloured_pillars_altar,
          trog_eyes_of_draining, gup_sewer_entry_pipe
D:4:      okawaru_ov_weapons_minmay, tgw_kikubaaqudgha, uniq_duvessa
D:5:      basic_altar, first_bread, hangedman_feature_mirror,
          minmay_misc_feat_roman, xom_teletrap_fun, uniq_menkaure,
          uniq_crazy_yiuf_cottage, uniq_sigmund
D:6:      amalloy_card_club
D:7:      st_stairs_1
D:8:      serial_shops, shop
D:9:      old_standard_altar, tgw_fedhas, gammafunk_temple_overflow_elements,
          serial_shops, shop
D:10:     minmay_lair_entry_grove, blue_anna_alchemist
D:11:     minivault_8
D:12:     giant_chief_lemuel, david_orc_4, serial_glass, glass_columns_a,
          glass_columns_c, due_unseen_surprise
Sewer:    sewer_co_15_rooms

Skill      XL: |  1  2  3  4  5  6  7  8  9 10 |
---------------+-------------------------------+-----
Fighting       | 4 5 6 7 9 |  9.9
Axes           | 5 6 7 9 10 12 14 | 14.0
Armour         | 3 4 5 6 7 8 |  8.5
Evocations     | 2 4 |  4.3
Dodging        | |  1.5

Action                   |  1- 3 |  4- 6 |  7- 9 | 10-12 || total
-------------------------+-------+-------+-------+-------++-------
Melee: Hand axe          |    43 |    87 |   175 |       ||   305
       War axe           |       |       |    38 |   135 ||   173
Invok: Berserk           |     3 |     5 |    11 |     6 ||    25
       Trog's Hand       |       |     2 |     9 |     5 ||    16
  Use: Scroll            |       |       |     4 |     1 ||     5
 Stab: Paralysed         |       |     1 |       |       ||     1
  Eat: Chunk             |       |     7 |    27 |    15 ||    49
